TOP OF THE 1ST |
Penn State Nittany Lions batting - Pitching for Seton Hall Pirates : RHP Marvin Corbett
|
Pitching: RHP Marvin Corbett
|
|
Batting: RHB Sergio Gonzáles
|
0-0: Ball 1-0: Ball 2-0: Ball 3-0: Called Strike 3-1: Ground out 4-3 (Groundball, 4M)
|
Batting: RHB Bob Cole
|
0-0: Called Strike 0-1: Ball 1-1: Ball 2-1: Swinging Strike 2-2: Ball 3-2: Foul Ball, location: 2F 3-2: Strikes out swinging
|
Batting: RHB Raúl Ruíz
|
0-0: Ball 1-0: Foul Ball, location: 2F 1-1: Called Strike 1-2: Foul Ball, location: 2F 1-2: Foul Ball, location: 2F 1-2: Strikes out swinging wild pitch, reaches first!
|
Batting: RHB Tom Gordon
|
0-0: Called Strike 0-1: Foul Ball, location: 2F 0-2: Ball 1-2: Ball 2-2: Strikes out swinging
|
Top of the 1st over - 0 run(s), 0 hit(s), 0 error(s), 1 left on base; Penn State 0 - Seton Hall 0 |
BOTTOM OF THE 1ST |
Seton Hall Pirates batting - Pitching for Penn State Nittany Lions : RHP Kel Rosewarne
|
Pitching: RHP Kel Rosewarne
|
|
Batting: RHB Michael White
|
Single, Error in OF, E8, batter to second base
|
Batting: RHB Herb Newman
|
0-0: Swinging Strike 0-1: Called Strike 0-2: Ball 1-2: Ball 2-2: Foul Ball, location: 2F 2-2: Strikes out swinging
|
Batting: LHB Craig White
|
0-0: Foul Ball, location: 2F 0-1: Called Strike 0-2: Ground out 4-3 (Groundball, 4) Michael White to third
|
Batting: RHB Carlos Guevara
|
0-0: Ball 1-0: Ball 2-0: SINGLE (Flyball, 9LS) Michael White scores
|
Batting: LHB Mike Pearson
|
0-0: Ball 1-0: Ball 2-0: Ball 3-0: Called Strike 3-1: Fielders Choice at 2nd, U4 (Groundball, 4M)
|
Bottom of the 1st over - 1 run(s), 2 hit(s), 1 error(s), 1 left on base; Penn State 0 - Seton Hall 1 |
TOP OF THE 2ND |
Penn State Nittany Lions batting - Pitching for Seton Hall Pirates : RHP Marvin Corbett
|
Batting: RHB William Rogers
|
0-0: Ball 1-0: Fly out, F7 (Line Drive, 7S)
|
Batting: RHB Jim Anderson
|
0-0: Called Strike 0-1: Foul Ball, location: 2F 0-2: Foul Ball, location: 2F 0-2: Strikes out swinging
|
Batting: RHB Tony Jones
|
0-0: Foul Ball, location: 2F 0-1: Ball 1-1: Ball 2-1: Foul Ball, location: 2F 2-2: Ball 3-2: Foul Ball, location: 2F 3-2: Base on Balls
|
Batting: SHB Jim Gibson
|
0-0: Fly out, F8 (Line Drive, 8LS)
|
Top of the 2nd over - 0 run(s), 0 hit(s), 0 error(s), 1 left on base; Penn State 0 - Seton Hall 1 |
BOTTOM OF THE 2ND |
Seton Hall Pirates batting - Pitching for Penn State Nittany Lions : RHP Kel Rosewarne
|
Batting: SHB Bob Jordan
|
0-0: Foul Ball, location: 2F 0-1: Ball 1-1: Ball 2-1: Foul Ball, location: 2F 2-2: Ball 3-2: Base on Balls
|
Batting: RHB Kurt Hart
|
0-0: Foul Ball, location: 2F 0-1: 2-RUN HOME RUN (Flyball, 7D), Distance : 371 ft
|
Batting: RHB Jerry Ward
|
0-0: Ball 1-0: Called Strike 1-1: Swinging Strike 1-2: Strikes out swinging
|
Batting: SHB Michael Miller
|
0-0: Foul Ball, location: 2F 0-1: SINGLE (Groundball, 34)
|
Batting: RHB Michael White
|
0-0: Called Strike 0-1: Ball 1-1: Ball 2-1: Foul Ball, location: 2F 2-2: Fly out, F9 (Flyball, 9S)
|
Batting: RHB Herb Newman
|
0-0: Foul Ball, location: 2F 0-1: Ball 1-1: Fly out, F9 (Line Drive, 89M)
|
Bottom of the 2nd over - 2 run(s), 2 hit(s), 0 error(s), 1 left on base; Penn State 0 - Seton Hall 3 |
TOP OF THE 3RD |
Penn State Nittany Lions batting - Pitching for Seton Hall Pirates : RHP Marvin Corbett
|
Batting: RHB Johnny Hood
|
0-0: Ball 1-0: Called Strike 1-1: Ball 2-1: SINGLE (Groundball, 6D)
|
Batting: RHB Sergio Gonzáles
|
0-0: Ball 1-0: Ball 2-0: Swinging Strike 2-1: Ball 3-1: Base on Balls Johnny Hood to second
|
Batting: RHB Bob Cole
|
0-0: Ball 1-0: Fielders Choice at 2nd, U6 (Groundball, 6M) Johnny Hood to third
|
Batting: RHB Raúl Ruíz
|
0-0: Ball 1-0: Fly out, F3 (Popup, 34)
|
Batting: RHB Tom Gordon
|
0-0: Ball 1-0: Ball 2-0: Swinging Strike 2-1: Ball 3-1: Foul Ball, location: 2F 3-2: Base on Balls Bob Cole to second
|
Batting: RHB William Rogers
|
0-0: Called Strike 0-1: SINGLE (Flyball, 7S) Johnny Hood scores Bob Cole to third Tom Gordon to second Runner from 3rd tries for Home, throw and OUT!
|
Top of the 3rd over - 1 run(s), 2 hit(s), 0 error(s), 2 left on base; Penn State 1 - Seton Hall 3 |
BOTTOM OF THE 3RD |
Seton Hall Pirates batting - Pitching for Penn State Nittany Lions : RHP Kel Rosewarne
|
Batting: LHB Craig White
|
0-0: Foul Ball, location: 2F 0-1: Ball 1-1: Foul Ball, location: 2F 1-2: Foul Ball, location: 2F 1-2: Foul Ball, location: 2F 1-2: SINGLE (Groundball, 3D)
|
Batting: RHB Carlos Guevara
|
0-0: Foul Ball, location: 2F 0-1: SINGLE (Groundball, 5D) Craig White to second
|
Batting: LHB Mike Pearson
|
0-0: Ball 1-0: Ball 2-0: Ball 3-0: Called Strike 3-1: Foul Ball, location: 2F 3-2: Ground out 5-3 (Groundball, 56S) Craig White to third Carlos Guevara to second
|
Batting: SHB Bob Jordan
|
0-0: Called Strike 0-1: Swinging Strike 0-2: Strikes out swinging
|
Batting: RHB Kurt Hart
|
0-0: SINGLE (Groundball, 4MD) (infield hit) Craig White scores Carlos Guevara to third
|
Batting: RHB Jerry Ward
|
0-0: Ball 1-0: Foul Ball, location: 2F 1-1: Called Strike 1-2: Ground out 1-3 (Groundball, 15)
|
Bottom of the 3rd over - 1 run(s), 3 hit(s), 0 error(s), 2 left on base; Penn State 1 - Seton Hall 4 |
TOP OF THE 4TH |
Penn State Nittany Lions batting - Pitching for Seton Hall Pirates : RHP Marvin Corbett
|
Batting: RHB Jim Anderson
|
0-0: Ball 1-0: Called Strike 1-1: Ball 2-1: Called Strike 2-2: Ground out 1-3 (Groundball, 15)
|
Batting: RHB Tony Jones
|
0-0: Foul Ball, location: 2F 0-1: SOLO HOME RUN (Flyball, 7D), Distance : 355 ft
|
Batting: SHB Jim Gibson
|
0-0: Swinging Strike 0-1: Called Strike 0-2: Strikes out swinging
|
Batting: RHB Johnny Hood
|
0-0: Ball 1-0: Called Strike 1-1: Foul Ball, location: 2F 1-2: Foul Ball, location: 2F 1-2: Ground out 5-3 (Groundball, 56S)
|
Top of the 4th over - 1 run(s), 1 hit(s), 0 error(s), 0 left on base; Penn State 2 - Seton Hall 4 |
BOTTOM OF THE 4TH |
Seton Hall Pirates batting - Pitching for Penn State Nittany Lions : RHP Kel Rosewarne
|
Batting: SHB Michael Miller
|
0-0: Called Strike 0-1: Foul Ball, location: 2F 0-2: Fly out, F7 (Flyball, 7LM)
|
Batting: RHB Michael White
|
0-0: Ball 1-0: Ball 2-0: Ball 3-0: Swinging Strike 3-1: Called Strike 3-2: Strikes out swinging
|
Batting: RHB Herb Newman
|
0-0: Ball 1-0: Called Strike 1-1: Called Strike 1-2: Strikes out swinging
|
Bottom of the 4th over - 0 run(s), 0 hit(s), 0 error(s), 0 left on base; Penn State 2 - Seton Hall 4 |
TOP OF THE 5TH |
Penn State Nittany Lions batting - Pitching for Seton Hall Pirates : RHP Marvin Corbett
|
Batting: RHB Sergio Gonzáles
|
0-0: Called Strike 0-1: Ball 1-1: Ball 2-1: Ball 3-1: Base on Balls
|
Batting: RHB Bob Cole
|
0-0: Ball 1-0: Foul Ball, location: 2F 1-1: Swinging Strike 1-2: Ball 2-2: Fly out, F5 (Popup, 25F)
|
Pitching: RHP Johnny Monroe
|
|
Batting: RHB Raúl Ruíz
|
0-0: Called Strike 0-1: Called Strike Sergio Gonzáles steals 2nd base 0-2: Ball 1-2: Ball 2-2: Ball 3-2: Fly out, F9 (Flyball, 9M)
|
Batting: RHB Tom Gordon
|
0-0: Called Strike 0-1: Fly out, F9 (Flyball, 9D)
|
Top of the 5th over - 0 run(s), 0 hit(s), 0 error(s), 1 left on base; Penn State 2 - Seton Hall 4 |
BOTTOM OF THE 5TH |
Seton Hall Pirates batting - Pitching for Penn State Nittany Lions : RHP Kel Rosewarne
|
Batting: LHB Craig White
|
0-0: Ball 1-0: SINGLE (Popup, 8LS)
|
Batting: RHB Carlos Guevara
|
0-0: Called Strike 0-1: Fly out, F9 (Popup, 9S)
|
Batting: LHB Mike Pearson
|
0-0: Called Strike 0-1: Ball 1-1: Called Strike 1-2: Foul Ball, location: 2F 1-2: Ball 2-2: Strikes out looking
|
Pitching: LHP Bryce Johnston
|
|
Batting: SHB Bob Jordan
|
0-0: Called Strike 0-1: Called Strike 0-2: Foul Ball, location: 2F 0-2: Ball 1-2: Reached on error, E2 (Groundball, 2R) Craig White to third
|
Batting: RHB Kurt Hart
|
0-0: Foul Ball, location: 2F 0-1: Swinging Strike 0-2: Foul Ball, location: 2F 0-2: Ball 1-2: Ground out 1-3 (Groundball, 13S)
|
Bottom of the 5th over - 0 run(s), 1 hit(s), 1 error(s), 2 left on base; Penn State 2 - Seton Hall 4 |
TOP OF THE 6TH |
Penn State Nittany Lions batting - Pitching for Seton Hall Pirates : RHP Johnny Monroe
|
Batting: RHB William Rogers
|
0-0: Ball 1-0: Called Strike 1-1: SINGLE (Groundball, 34D) (infield hit)
|
Batting: RHB Jim Anderson
|
0-0: Ball 1-0: Ball 2-0: Called Strike 2-1: Ball 3-1: Called Strike 3-2: Strikes out swinging
|
Batting: RHB Tony Jones
|
0-0: SINGLE (Groundball, 56D) William Rogers to second
|
Batting: SHB Jim Gibson
|
0-0: Called Strike 0-1: Ball 1-1: Ball 2-1: Ball 3-1: Base on Balls William Rogers to third Tony Jones to second
|
Batting: RHB Johnny Hood
|
0-0: Grounds into double play, U6-3 (Groundball, 6M)
|
Top of the 6th over - 0 run(s), 2 hit(s), 0 error(s), 2 left on base; Penn State 2 - Seton Hall 4 |
BOTTOM OF THE 6TH |
Seton Hall Pirates batting - Pitching for Penn State Nittany Lions : LHP Bryce Johnston
|
Batting: RHB Jerry Ward
|
0-0: Foul Ball, location: 2F 0-1: Ball 1-1: Foul Ball, location: 2F 1-2: Strikes out swinging
|
Batting: SHB Michael Miller
|
0-0: Called Strike 0-1: Bunt for hit - play at first, batter OUT! 2-3
|
Batting: RHB Michael White
|
0-0: Swinging Strike 0-1: Ground out U3 (Groundball, 3)
|
Bottom of the 6th over - 0 run(s), 0 hit(s), 0 error(s), 0 left on base; Penn State 2 - Seton Hall 4 |
TOP OF THE 7TH |
Penn State Nittany Lions batting - Pitching for Seton Hall Pirates : RHP Johnny Monroe
|
Batting: RHB Sergio Gonzáles
|
0-0: Ball 1-0: Called Strike 1-1: Ground out 4-3 (Groundball, 4)
|
Pitching: RHP Francisco Villanueva
|
|
Batting: RHB Bob Cole
|
0-0: Ball 1-0: Foul Ball, location: 2F 1-1: Ball 2-1: Ball 3-1: Base on Balls
|
Batting: RHB Raúl Ruíz
|
0-0: Called Strike Bob Cole steals 2nd base 0-1: Fly out, F3 (Popup, 3F)
|
Batting: RHB Tom Gordon
|
0-0: Ground out 1-3 (Groundball, 13S)
|
Top of the 7th over - 0 run(s), 0 hit(s), 0 error(s), 1 left on base; Penn State 2 - Seton Hall 4 |
BOTTOM OF THE 7TH |
Seton Hall Pirates batting - Pitching for Penn State Nittany Lions : LHP Bryce Johnston
|
Batting: RHB Herb Newman
|
0-0: Called Strike 0-1: Called Strike 0-2: Ball 1-2: SINGLE (Flyball, 9LM)
|
Batting: LHB Craig White
|
0-0: Called Strike 0-1: Called Strike 0-2: Strikes out swinging
|
Batting: RHB Carlos Guevara
|
0-0: Ball 1-0: Fly out, F8 (Flyball, 8LM)
|
Batting: LHB Mike Pearson
|
0-0: Ball 1-0: Called Strike 1-1: SINGLE (Line Drive, 56D) Herb Newman to second
|
Batting: SHB Bob Jordan
|
0-0: Ball 1-0: Called Strike 1-1: Ball 2-1: Swinging Strike 2-2: Ball 3-2: Ground out 6-3 (Groundball, 6)
|
Bottom of the 7th over - 0 run(s), 2 hit(s), 0 error(s), 2 left on base; Penn State 2 - Seton Hall 4 |
TOP OF THE 8TH |
Penn State Nittany Lions batting - Pitching for Seton Hall Pirates : RHP Francisco Villanueva
|
Now at C: Dave Barrett
|
|
Batting: RHB William Rogers
|
0-0: Called Strike 0-1: Foul Ball, location: 2F 0-2: Ball 1-2: Strikes out swinging
|
Batting: RHB Jim Anderson
|
0-0: Swinging Strike 0-1: Called Strike 0-2: Foul Ball, location: 2F 0-2: Ball 1-2: Ground out 6-3 (Groundball, 6)
|
Batting: RHB Tony Jones
|
0-0: Called Strike 0-1: Ball 1-1: Ball 2-1: Swinging Strike 2-2: Fly out, F9 (Flyball, 89S)
|
Top of the 8th over - 0 run(s), 0 hit(s), 0 error(s), 0 left on base; Penn State 2 - Seton Hall 4 |
BOTTOM OF THE 8TH |
Seton Hall Pirates batting - Pitching for Penn State Nittany Lions : LHP Bryce Johnston
|
Pitching: RHP Fernando Peña
|
|
Batting: RHB Kurt Hart
|
0-0: Ball 1-0: DOUBLE (Groundball, 5L)
|
Batting: RHB Jerry Ward
|
0-0: Intentional Walk
|
Batting: SHB Michael Miller
|
0-0: Sac Bunt - play at first, batter OUT! 1-3 Kurt Hart to third Jerry Ward to second
|
Pinch Hitting: LHB Kyle Petersen
|
0-0: Foul Ball, location: 2F 0-1: Called Strike 0-2: Foul Ball, location: 2F 0-2: Ball 1-2: Strikes out swinging
|
Batting: RHB Herb Newman
|
0-0: Called Strike 0-1: Ball 1-1: Ball 2-1: Foul Ball, location: 2F 2-2: Ball 3-2: Foul Ball, location: 2F 3-2: Foul Ball, location: 2F 3-2: Base on Balls
|
Batting: RHB Dave Barrett
|
0-0: Fielders Choice at 2nd, U6 (Groundball, 6M)
|
Bottom of the 8th over - 0 run(s), 1 hit(s), 0 error(s), 3 left on base; Penn State 2 - Seton Hall 4 |
TOP OF THE 9TH |
Penn State Nittany Lions batting - Pitching for Seton Hall Pirates : RHP Francisco Villanueva
|
Pitching: RHP Ken Burris
|
|
Now in RF: Juan Hinojosa
|
|
Batting: SHB Jim Gibson
|
0-0: Foul Ball, location: 2F 0-1: Swinging Strike 0-2: Strikes out looking
|
Batting: RHB Johnny Hood
|
0-0: Called Strike 0-1: Foul Ball, location: 2F 0-2: Ball 1-2: Foul Ball, location: 2F 1-2: Foul Ball, location: 2F 1-2: SINGLE (Groundball, 13) (infield hit)
|
Batting: RHB Sergio Gonzáles
|
0-0: Ball 1-0: Ball 2-0: Ball 3-0: Called Strike 3-1: Swinging Strike 3-2: Strikes out swinging
|
Batting: RHB Bob Cole
|
0-0: SINGLE (Groundball, 5L) Johnny Hood to second
|
Batting: RHB Raúl Ruíz
|
0-0: Foul Ball, location: 2F 0-1: Called Strike 0-2: Ball 1-2: Strikes out swinging
|
Top of the 9th over - 0 run(s), 2 hit(s), 0 error(s), 2 left on base; Penn State 2 - Seton Hall 4 |
|